 Dungeon Crawl Stone Soup version 0.20.1-1-g8b1a95d (webtiles) character file.

1268 KleinerIrrer the Cleaver (level 8, -2/58 HPs)
             Began as a Formicid Fighter on July 9, 2017.
             Was a Follower of Okawaru.
             Slain by an orc warrior
             ... wielding a +0 trident
              (4 damage)
             ... on level 5 of the Dungeon.
             The game lasted 00:11:29 (6070 turns).

KleinerIrrer the Cleaver (Formicid Fighter)         Turns: 6070, Time: 00:11:29

Health: -2/58      AC:  5    Str: 22    XL:     8   Next: 82%
Magic:  8/8        EV: 13    Int:  8    God:    Okawaru [*.....]
Gold:   347        SH: 10    Dex: 16    Spells: 7/7 levels left

rFire    . . .     SeeInvis +   q - +2 hand axe (freeze)
rCold    . . .     Gourm    .   c - +0 shield
rNeg     + . .     Faith    .   s - +0 ring mail
rPois    .         Spirit   .   (helmet unavailable)
rElec    .         Reflect  .   (no cloak)
rCorr    .         Harm     .   (no gloves)
MR       .....                  (no boots)
Stlth    ++........             (no amulet)
Regen    0.2/turn               B - +4 ring of slaying
MPRegen  0.2/turn               x - ring of positive energy

@: agile, drained
A: permanent stasis, dig shafts and tunnels, four strong arms, antennae 3
a: Dig, Shaft Self, Heroism, Renounce Religion


You were on level 5 of the Dungeon.
You worshipped Okawaru.
Okawaru was aware of your devotion.
You were not hungry.

You visited 2 branches of the dungeon, and saw 7 of its levels.

You collected 347 gold pieces.

Inventory:

Hand Weapons
 a - a +0 war axe
 d - a +2 battleaxe
 q - a +2 hand axe of freezing (weapon)
Armour
 b - a +0 scale mail
 c - a +0 shield (worn)
 s - a +0 ring mail (worn)
 w - a +0 plate armour
Jewellery
 k - an uncursed ring of magical power
 p - an uncursed ring of protection from fire
 u - an uncursed ring of protection from cold
 x - a ring of positive energy (right hand)
 B - a +4 ring of slaying (left hand)
Wands
 y - a wand of flame (15/48)
Scrolls
 e - 6 scrolls of identify
 m - 2 scrolls of teleportation
 n - 2 scrolls of blinking
 r - a scroll of magic mapping {unknown}
Potions
 j - 2 potions of degeneration
 o - a potion of lignification
Comestibles
 f - 2 bread rations
 t - 3 royal jellies
 v - 7 fruits
 z - 2 meat rations


   Skills:
 - Level 3.2(3.1) Fighting
 + Level 10.2(10.0) Axes
 - Level 3.2(3.1) Armour
 - Level 3.6(3.5) Shields


You had 7 spell levels left.
You didn't know any spells.

Dungeon Overview and Level Annotations

Branches:
Dungeon (6/15)             Temple (1/1) D:5

Altars:
Cheibriados
Dithmenos
Elyvilon
Fedhas
Gozag
Hepliaklqana
Kikubaaqudgha
Makhleb
Nemelex Xobeh
Okawaru
Sif Muna
Trog
Uskayaw
Vehumet
Xom
Yredelemnul
Zin
The Shining One

Shops:
D:5 ((


Innate Abilities, Weirdness & Mutations

You cannot be hasted, slowed, berserked, paralysed or teleported.
You can dig through walls and to a lower floor.
Your four strong arms can wield two-handed weapons with a shield.
You have a pair of large antennae on your head. (SInv)


Message History

You are too injured to fight recklessly!
You are too injured to fight recklessly!
You are too injured to fight recklessly!
You are too injured to fight recklessly!
You hit the orc warrior. You freeze the orc warrior.
The orc warrior is moderately wounded.
You block the orc warrior's attack.
You slash the orc warrior! You freeze the orc warrior.
The orc warrior is severely wounded.
The orc warrior hits you with a trident!
* * * LOW HITPOINT WARNING * * *
You closely miss the orc warrior.
The orc warrior is severely wounded.
The orc warrior hits you with a trident!
* * * LOW HITPOINT WARNING * * *
You feel agile all of a sudden.
You hit the orc warrior but do no damage.
The orc warrior is severely wounded.
The orc warrior hits you with a trident.
You die...

########## ##### #........# #....
################o.......# #.###
.......)[......[@)......# #...#
.#######......[#.)......# ###.#
.##...##.......#........# #.#
.##...##..)....#........# #.#
.##...##.......#........# #.#
.##...##.......#...[....# #.<
.##...##.......#........########.
###...##.......#........##.......
###............#.#########.######


You could see an orc warrior.

Vanquished Creatures
  The ghost of TheTruth the Cudgeler, an amateur HuBe of Trog (D:4)
  An ice beast (D:5)
  2 ogres (D:5)
  A centaur (D:5)
  2 scorpions
  3 wights (D:5)
  A howler monkey (D:4)
  A hound (D:4)
  An iguana (D:4)
  4 orc priests
  2 orc wizards (D:4)
  A bullfrog skeleton (D:5)
  2 worker ants
  2 hound skeletons
  10 adders
  A howler monkey skeleton (D:5)
  An ooze (D:5)
  2 adder zombies (D:5)
  3 worms (D:2)
  2 dart slugs (D:2)
  5 leopard geckos
  12 orcs
  2 ball pythons
  4 bats
  4 giant cockroaches
  7 goblins
  5 hobgoblins
  4 jackals (D:3)
  6 kobolds
  A quokka (D:2)
  2 frilled lizards
  4 rats
99 creatures vanquished.

Notes
Turn   | Place    | Note
-------+----------+-------------------------------------------
     0 | D:1      | KleinerIrrer the Formicid Fighter began the quest for the Orb.
     0 | D:1      | Reached XP level 1. HP: 18/18 MP: 1/1
   131 | D:1      | Reached XP level 2. HP: 23/24 MP: 2/2
   206 | D:1      | Reached skill level 3 in Axes
   436 | D:2      | Found a radiant altar of Vehumet.
   453 | D:2      | Reached XP level 3. HP: 29/29 MP: 3/3
   753 | D:2      | Reached skill level 4 in Axes
   753 | D:2      | Reached XP level 4. HP: 30/35 MP: 4/4
  1305 | D:2      | Found a basalt altar of Yredelemnul.
  1797 | D:3      | Found a hazy altar of Hepliaklqana.
  1797 | D:3      | Found a faded altar of an unknown god.
  1802 | D:3      | Found an opulent altar of Gozag.
  1804 | D:3      | Found an ancient bone altar of Kikubaaqudgha.
  1806 | D:3      | Found a glowing golden altar of the Shining One.
  2134 | D:3      | Reached XP level 5. HP: 40/41 MP: 5/5
  2382 | D:4      | Reached skill level 5 in Axes
  2522 | D:4      | Reached XP level 6. HP: 44/47 MP: 6/6
  2526 | D:4      | Reached skill level 6 in Axes
  2547 | D:4      | HP: 3/70 [poisoned by a worker ant]
  2553 | D:4      | HP: 3/70 [poisoned by a worker ant]
  2556 | D:4      | HP: 1/47 [poisoned by a worker ant]
  2943 | D:4      | Reached XP level 7. HP: 45/52 MP: 7/7
  3029 | D:4      | Reached skill level 7 in Axes
  3132 | D:4      | Found a burning altar of Makhleb.
  3135 | D:4      | Found a snail-covered altar of Cheibriados.
  3581 | D:4      | Noticed TheTruth's ghost (amateur HuBe)
  3801 | D:4      | Killed TheTruth's ghost
  4032 | D:5      | Entered Level 5 of the Dungeon
  4124 | D:5      | Reached skill level 8 in Axes
  4154 | D:5      | Reached XP level 8. HP: 31/58 MP: 8/8
  4334 | D:5      | Found Toozan's Weapon Boutique.
  4387 | D:5      | Found a staircase to the Ecumenical Temple.
  4400 | Temple   | Entered the Ecumenical Temple
  4632 | Temple   | Became a worshipper of Warmaster Okawaru
  5196 | D:5      | Reached skill level 9 in Axes
  5416 | D:5      | Found Qamaesoh's Weapon Boutique.
  5678 | D:5      | Reached skill level 10 in Axes
  5827 | D:5      | Reached * piety under Okawaru
  6068 | D:5      | HP: 1/58 [orc warrior/trident (13)]
  6070 | D:5      | Slain by an orc warrior

Skill      XL: |  1  2  3  4  5  6  7  8 |
---------------+-------------------------+-----
Axes           | 3 4 5 6 8 10 | 10.2
Fighting       | |  3.2
Armour         | |  3.2
Shields        | |  3.6

Action                   |  1- 3 |  4- 6 |  7- 9 || total
-------------------------+-------+-------+-------++-------
Melee: War axe           |    90 |    29 |       ||   119
       Hand axe          |       |   107 |   166 ||   273
       Battleaxe         |       |       |     5 ||     5
  Use: Potion            |       |     5 |     6 ||    11
       Scroll            |       |       |     6 ||     6
  Eat: Chunk             |       |     7 |     5 ||    12
       Bread ration      |       |       |     1 ||     1
Armor: Scale mail        |    38 |    49 |       ||    87
       Skin              |       |     7 |       ||     7
       Ring mail         |       |       |    26 ||    26
Dodge: Dodged            |    26 |    30 |    49 ||   105
Block: Shield            |    38 |    84 |    71 ||   193
